 Dungeon Crawl Stone Soup version 0.21.1-1-g345015f (webtiles) character file.

69 Larett the Sneak (level 4, -13/29 HPs)
             Began as an Octopode Assassin on Feb 9, 2018.
             Killed by nerve-wracking pain
             ... invoked by an orc priest
              (14 damage)
             ... on level 3 of the Dungeon.
             The game lasted 00:03:51 (1650 turns).

Larett the Sneak (Octopode Assassin)                Turns: 1650, Time: 00:03:51

Health: -13/29     AC:  1    Str: 10    XL:     4   Next: 20%
Magic:  4/4        EV: 12    Int: 13    God:
Gold:   77         SH:  0    Dex: 11    Spells: 3/3 levels left

rFire    + . .     SeeInvis .   a - +2 dagger
rCold    x . .     Gourm    .   (no shield)
rNeg     . . .     Faith    .   (helmet restricted)
rPois    .         Spirit   .   (no amulet)
rElec    .         Reflect  .   y - ring of fire
rCorr    .         Harm     .   A - -3 ring of dexterity (curse)
MR       .....                  (no ring)
Stlth    ++++......             (no ring)
HPRegen  0.09/turn              (no ring)
MPRegen  0.09/turn              (no ring)
                                (no ring)
                                (no ring)

@: no status effects
A: almost no armour, stealthy swim, amphibious, 8 rings, constrict 8, camouflage
1, gelatinous body 1
a: no special abilities


You were on level 3 of the Dungeon.
You were not hungry.

You visited 1 branch of the dungeon, and saw 3 of its levels.

You collected 77 gold pieces.

Inventory:

Hand Weapons
 a - a +2 dagger (weapon)
 q - a +0 blowgun
Missiles
 c - 8 poisoned needles
 d - 2 curare-tipped needles
 t - 40 arrows
 u - 94 stones (quivered)
 D - 7 tomahawks
Jewellery
 y - a ring of fire (left tentacle)
 A - a cursed -3 ring of dexterity (right tentacle)
Potions
 r - a potion of haste {unknown}
 s - 2 potions of curing {unknown}
 v - 2 potions of lignification {!q}
 z - a potion of resistance {unknown}
 B - a potion of brilliance {unknown}
Comestibles
 f - 8 rations
 C - a chunk of flesh


   Skills:
 - Level 2.0 Fighting
 + Level 2.9 Short Blades
 - Level 2.0 Throwing
 - Level 1.0 Dodging
 * Level 7.1 Stealth


You had 3 spell levels left.
You didn't know any spells.

Dungeon Overview and Level Annotations

Branches:
Dungeon (3/15)

Altars:
Fedhas


Innate Abilities, Weirdness & Mutations

You cannot wear most types of armour.
You are very stealthy in the water. (Stealth+)
You are amphibious.
You can wear up to eight rings at the same time.
You can use your tentacles to constrict eight enemies at once.
Your skin changes colour to match your surroundings (Stealth+).
Your rubbery body absorbs attacks. (AC +1, EV +1)


Message History

The orc priest is moderately wounded.
You constrict the orc priest. The orc priest misses you.
You hit the orc priest.
The orc priest is heavily wounded.
You constrict the orc priest. The orc priest hits you.
You hit the orc priest.
The orc priest is severely wounded.
You constrict the orc priest, but do no damage.
The orc priest hits you.
You are too injured to fight recklessly!
You are too injured to fight recklessly!
You release your grip on the orc priest.
The orc priest calls down the wrath of Beogh upon you.
Pain shoots through your body!
The orc priest invokes the aid of Beogh against you.
Beogh smites you!
* * * LOW HITPOINT WARNING * * *
The orc priest calls down the wrath of Beogh upon you.
Pain shoots through your body!
You die...

## #............#
##.###..##.....##.# ..
....#.......#.## ..
.%............###### #.
#.........#........ #.
#..#.....##.#####..
#.####..................
#rroo.........##<.#.##..
#.####..@<..........#
..o #######..###.#.#
).##o #..# .#.# ... .o
#.># .# # .. .. ...# ..
. ... #..# #[ ### ..


You could see an orc priest, an orc, a quokka and a rat.

Vanquished Creatures
  3 adders (D:2)
  A dart slug (D:2)
  3 leopard geckos
  6 bats
  A giant cockroach (D:1)
  10 goblins
  3 jackals (D:1)
  4 kobolds
  A ball python (D:1)
  3 rats
35 creatures vanquished.

Notes
Turn   | Place    | Note
-------+----------+-------------------------------------------
     0 | D:1      | Larett the Octopode Assassin began the quest for the Orb.
     0 | D:1      | Reached XP level 1. HP: 14/14 MP: 1/1
   269 | D:1      | Reached XP level 2. HP: 13/19 MP: 2/2
   311 | D:1      | Reached skill level 6 in Stealth
   647 | D:1      | Reached XP level 3. HP: 22/24 MP: 3/3
  1414 | D:2      | Reached XP level 4. HP: 29/29 MP: 4/4
  1435 | D:2      | Reached skill level 7 in Stealth
  1442 | D:2      | Found a blossoming altar of Fedhas.
  1647 | D:3      | HP: 1/29 [orc priest/divine providence (9)]
  1650 | D:3      | Killed from afar by an orc priest

Skill      XL: |  1  2  3  4 |
---------------+-------------+-----
Stealth        | 6 7 |  7.1
Fighting       | |  2.0
Short Blades   | |  2.9
Throwing       | |  2.0
Dodging        | |  1.0

Action                   |  1- 3 |  4- 6 || total
-------------------------+-------+-------++-------
Melee: Dagger            |    62 |    17 ||    79
       Constrict         |    11 |     6 ||    17
       Tentacles         |     7 |       ||     7
  Use: Scroll            |     5 |     1 ||     6
 Stab: Sleeping          |     9 |     1 ||    10
       Distracted        |     1 |       ||     1
  Eat: Chunk             |     1 |     1 ||     2
Armor: Skin              |     6 |     1 ||     7
Dodge: Dodged            |    31 |     6 ||    37
